 Dungeon Crawl Stone Soup version 0.30-b1-2-g02819fbbbe (webtiles) character file.

Game seed: 11920561475828353331

9 Alarkh the Vexing (level 2, 21/21 HPs)
             Began as a Demonspawn Hexslinger on July 7, 2023.
             Got out of the dungeon alive.
             The game lasted 00:00:35 (221 turns).

Alarkh the Vexing (Demonspawn Hexslinger)            Turns: 221, Time: 00:00:36

Health: 21/21      AC:  2    Str: 10    XL:     2   Next: 6%
Magic:  3/3        EV: 12    Int: 14    God:
Gold:   8          SH:  4    Dex: 13    Spells: 2/3 levels left

rFire   . . .        a - +1 sling
rCold   . . .        (no shield)
rNeg    . . .        c - +0 robe
rPois   .            (no helmet)
rElec   .            (no cloak)
rCorr   .            (no gloves)
SInv    .            (no boots)
Will    .....        (no amulet)
Stlth   +            (no ring)
HPRegen 0.23/turn    (no ring)
MPRegen 0.08/turn

%: no passive effects
@: no status effects
A: condensation shield
a: no special abilities


You escaped.
You visited 1 branch of the dungeon, and saw 1 of its levels.

You collected 8 gold pieces.

Inventory:

Hand Weapons
 a - a +1 sling (weapon)
Armour
 c - a +0 robe (worn)
Scrolls
 b - a scroll of poison
Potions
 d - a potion of lignification {unknown}
 e - a potion of haste {unknown}


   Skills:
 - Level 1.0 Fighting
 + Level 2.5 Ranged Weapons
 - Level 1.7 Dodging
 - Level 1.0 Spellcasting
 - Level 3.0 Hexes


You had 2 spell levels left.
You knew the following spells:

 Your Spells              Type           Power      Damage    Failure   Level
a - Slow                  Hex            36%        N/A       8%          1

Your spell library contained the following spells:

 Spells                   Type           Power      Damage    Failure   Level
 Ensorcelled Hibernation  Hex/Ice        8%         N/A       22%         2
 Blink                    Tloc           0%         N/A       36%         2
 Lesser Beckoning         Tloc           0%         N/A       36%         2
 Momentum Strike          Conj/Tloc      0%         3d8       36%         2
 Passwall                 Tmut/Erth      0%         N/A       36%         2
 Inner Flame              Hex/Fire       4%         N/A       38%         3
 Portal Projectile        Hex/Tloc       8%         N/A       38%         3
 Cause Fear               Hex            4%         N/A       58%         4
 Swiftness                Air            0%         N/A       61%         3


Dungeon Overview and Level Annotations

Branches:
Dungeon (1/15)

Altars:


Innate Abilities, Weirdness & Mutations

A meltable shield of frost defends you. (SH +4)


Message History

A goblin is nearby!
A goblin is nearby!
You shoot a sling bullet.
The sling bullet closely misses the goblin.
You shoot a sling bullet. The sling bullet hits the goblin.
You kill the goblin!
You have reached level 2!
Your demonic ancestry asserts itself...
Frost condenses into a shield before you.
A giant cockroach comes into view.
You shoot a sling bullet.
The sling bullet hits the giant cockroach.
The giant cockroach is lightly wounded.
You shoot a sling bullet.
The sling bullet hits the giant cockroach.
The giant cockroach is severely wounded.
You shoot a sling bullet.
The sling bullet barely misses the giant cockroach.
You shoot a sling bullet.
The sling bullet hits the giant cockroach.
The giant cockroach is almost dead.
The giant cockroach waves its antennae.
The giant cockroach misses you. The giant cockroach bites you.
You shoot a sling bullet.
The sling bullet closely misses the giant cockroach.
The giant cockroach bites you but does no damage.
You shoot a sling bullet.
The sling bullet hits the giant cockroach.
You kill the giant cockroach!
No target in view!
HP restored.
Things that are here:
a +0 club; a kobold corpse
Things that are here:
a +0 dagger; a goblin corpse
There is an open door here.
There is an open door here.
There is a staircase leading out of the dungeon here.
Are you sure you want to leave the Dungeon?
This will make you lose the game!
You have escaped!

####..####.#
##.>........#
#......###### #..##.####
#........#
###.###.###.##.#
............##.#
#######.######.# #.@.##.#
#.# #...##.# ##.#####
+###+###'###.#####.......
..........#..........####
)##.......'.####.......#
.)........### #.......#
+###+###+## #.......#
##....### #....#


There were no monsters in sight!

Vanquished Creatures
  2 endoplasms (D:1)
  A giant cockroach (D:1)
  2 goblins (D:1)
  A frilled lizard (D:1)
  A kobold (D:1)
  2 rats (D:1)
9 creatures vanquished.

Notes
Turn   | Place    | Note
-------+----------+-------------------------------------------
     0 | D:1      | Alarkh the Demonspawn Hexslinger began the quest for the
                  | Orb.
     0 | D:1      | Reached XP level 1. HP: 15/15 MP: 2/2
   156 | D:1      | Gained mutation: A meltable shield of frost defends you.
                  | (SH +4) [demonic ancestry]
   156 | D:1      | Reached XP level 2. HP: 21/21 MP: 3/3
   221 | D:$      | Got out of the dungeon alive.

Illustrated notes

Levels and vault maps discovered:
D:1:      dpeg_arrival_prison, layout_loops_ring

Skill      XL: |  1 |
---------------+----+-----
Ranged Weapons | 2 |  2.5
Fighting       | |  1.0
Dodging        | |  1.7
Spellcasting   | |  1.0
Hexes          | |  3.0

Action                     || total
---------------------------++-------
   Fire: Sling             ||    21
 Armour: Robe              ||     2
  Dodge: Dodged            ||     2
